 Dungeon Crawl Stone Soup version 0.17-a0-1793-gcbb3aa1 (webtiles) character file.

12735 luca467 the Basher (level 11, -3/104 HPs)
             Began as a Minotaur Berserker on Sept 9, 2015.
             Was the Champion of Trog.
             Slain by a spiny frog (15 damage)
             ... on level 2 of the Lair of Beasts.
             The game lasted 01:17:56 (11184 turns).

luca467 the Basher (Minotaur Berserker)            Turns: 11184, Time: 01:17:56

Health: -3/104     AC: 14    Str: 27      XL:     11   Next: 66%
Magic:  10/10      EV: 11    Int:  4      God:    Trog [******]
Gold:   771        SH: 15    Dex: 12 (13) Spells: 0 memorised, 10 levels left

rFire  + . .     SeeInvis .     a - +4 mace
rCold  + . .     Rnd*Rage +     F - +2 chain mail {MR+}
rNeg   . . .     SustAt   +     w - +2 shield of Resistance {rF+ rC+ MR+}
rPois  +         Gourm    .     (helmet restricted)
rElec  .         Spirit   .     S - +0 cloak
rCorr  .         Warding  .     (no gloves)
rMut   .         Stasis   .     (no boots)
MR     ++...                    (no amulet)
Stlth  ..........               M - ring of sustain attributes
                                O - ring of poison resistance

@: mighty, very slightly contaminated, invisible, very resistant to hostile
enchantments, extremely unstealthy
A: retaliatory headbutt, horns 2, berserk 1, blurry vision 1, robust 1
a: Burn Spellbooks, Berserk, Trog's Hand, Brothers in Arms, Renounce Religion


You were on level 2 of the Lair of Beasts.
You worshipped Trog.
Trog was exalted by your worship.
You were not hungry.

You visited 2 branches of the dungeon, and saw 12 of its levels.

You collected 1016 gold pieces.
You spent 245 gold pieces at shops.

Inventory:

Hand weapons
 a - a +4 mace (weapon)
 h - a +0 whip
 m - a +0 mace
 Q - a +4 antimagic lajatang
 X - a +7 antimagic scimitar
Missiles
 K - 2 needles of sleeping
Armour
 f - a +0 chain mail
 t - a cursed -1 large shield
 w - the +2 shield of Resistance (worn) {rF+ rC+ MR+}
   (You found it on level 6 of the Dungeon)

   It protects you from fire.
   It protects you from cold.
   It affects your resistance to hostile enchantments.
 y - a +0 plate armour
 C - a +0 shield
 F - a +2 chain mail of magic resistance (worn)
 S - a +0 cloak (worn)
Jewellery
 b - a +6 ring of slaying
 k - an uncursed ring of positive energy
 M - a ring of sustain attributes (right hand)
 O - a ring of poison resistance (left hand)
 W - an uncursed ring of ice
Magical devices
 o - a wand of magic darts (22)
 x - a wand of enslavement (5)
 H - a wand of random effects (25)
 J - a wand of fireball (6)
 T - a wand of magic darts (43)
Scrolls
 d - 2 scrolls of identify
 i - 4 scrolls of fear
 l - 9 scrolls of remove curse
 n - 2 scrolls of teleportation
 z - 2 scrolls of recharging {unknown}
 I - 2 scrolls of fog
 N - 2 scrolls of enchant armour
 R - 2 scrolls of magic mapping {unknown}
 U - a scroll of silence {unknown}
 Y - 2 scrolls of random uselessness {unknown}
Potions
 g - a potion of degeneration
 j - a potion of mutation
 D - 3 potions of agility
 E - 3 potions of lignification
 P - a potion of curing {unknown}
 V - 2 potions of flight {unknown}
 Z - a potion of beneficial mutation {unknown}
Comestibles
 c - 10 bread rations
 A - 3 beef jerkies
 B - 2 fruits
 G - 2 meat rations
 L - 2 slices of pizza


   Skills:
 + Level 8.5 Fighting
 - Level 14.1 Maces & Flails
 + Level 7.9 Armour
 + Level 7.6 Dodging
 * Level 11.1 Shields


You had 10 spell levels left.
You didn't know any spells.

Dungeon Overview and Level Annotations

Branches:
Dungeon (10/15)            Temple (0/1) D:7            Lair (2/8) D:10
    Orc: D:9-12

Altars:
Cheibriados
Gozag
Qazlal
Trog
Vehumet
Xom
Yredelemnul
Zin

Shops:
D:9 %:*%%

Annotations:
D:6 exclusion: oklob plant


Innate Abilities, Weirdness & Mutations

You reflexively headbutt those who attack you in melee.
You have a pair of horns on your head.
You tend to lose your temper in combat.
Scrolls take you a little longer to read.
You are robust (+10% HP).


Message History

There was something very wrong with that liquid.
You feel somewhat clumsy. You block the spiny frog's attack.
Drink which item? (? for menu, Esc to quit)
It was a potion of mutation.
You feel extremely strange.
Your vision blurs.
You feel robust.
You feel a little pissed off. You block the spiny frog's attack.
Drink which item? (? for menu, Esc to quit)
It was a potion of invisibility.
You fade into invisibility!
The spiny frog stings you but does no damage.
You are very lightly contaminated with residual magic.
Drink which item? (? for menu, Esc to quit)
It was a potion of poison.
You feel slightly nauseous.
The spiny frog stings you but does no damage.
Drink which item? (? for menu, Esc to quit)
It was a potion of might.
You feel very mighty all of a sudden. You block the spiny frog's attack.
The spiny frog stings you!
You die...

....P....
.........
........##
.........# .#
.........## #.#
........>.####.# .
#....†..#...#
...##...@......P#
........F......##
................#
........##......#
.........#......#
.........#...#..#
...$......#..#..#
......#......#..##
......##.....P...#


You could see a spiny frog.

Vanquished Creatures
  Snorg (D:10)
  A hydra (D:8)
  A hill giant (D:10)
  2 gargoyles (D:10)
  A spiny frog (Lair:2)
  3 blink frogs (Lair:2)
  Sigmund (D:4)
  A spriggan (D:8)
  15 yaks
  2 hungry ghosts
  A basilisk (Lair:2)
  Grum (D:9)
  A hippogriff (D:8)
  Menkaure (D:4)
  Edmund (D:4)
  3 wolves (D:9)
  Duvessa (D:7)
  2 porcupines (Lair:2)
  6 orc warriors
  A phantom (D:6)
  3 ice beasts
  A wasp (D:10)
  3 ogres
  3 crocodiles (Lair:1)
  3 centaurs
  10 giant frogs
  A big kobold (D:10)
  Dowan (D:7)
  5 scorpions
  8 wights (D:8)
  3 crimson imps
  12 orc wizards
  11 orc priests
  8 jellies
  A centaur skeleton (D:5)
  2 giant frog skeletons (D:5)
  3 worker ants
  5 hounds
  7 iguanas
  A hound zombie (D:7)
  3 hound skeletons
  15 river rats (Lair:1)
  11 adders
  3 shadow imps
  16 oozes
  2 worms
  An adder skeleton (D:5)
  An adder zombie (D:8)
  5 giant geckos
  40 orcs
  2 ball pythons
  8 bats
  3 giant cockroaches
  9 goblins
  7 hobgoblins
  4 quokkas
  A giant gecko skeleton (D:4)
  2 giant gecko zombies
  5 giant newts
  7 jackals
  A jackal skeleton (D:4)
  9 kobolds
  6 rats
298 creatures vanquished.

Vanquished Creatures (collateral kills)
  A fire drake (D:10)
  A trapdoor spider (D:10)
2 creatures vanquished.

Vanquished Creatures (others)
  6 fungi
6 creatures vanquished.

Grand Total: 306 creatures vanquished

Notes
Turn   | Place    | Note
--------------------------------------------------------------
     0 | D:1      | luca467 the Minotaur Berserker began the quest for the Orb.
     0 | D:1      | Reached XP level 1. HP: 19/19 MP: 0/0
    54 | D:1      | Reached skill level 4 in Maces & Flails
   190 | D:1      | Reached XP level 2. HP: 19/26 MP: 1/1
   301 | D:1      | Acquired Trog's second power
   494 | D:1      | Reached skill level 5 in Maces & Flails
   646 | D:1      | Reached XP level 3. HP: 29/31 MP: 2/2
   898 | D:2      | Found a faded altar to an unknown god.
  1059 | D:2      | Found a radiant altar of Vehumet.
  1065 | D:2      | Reached XP level 4. HP: 39/39 MP: 3/3
  1381 | D:3      | Reached skill level 6 in Maces & Flails
  1621 | D:3      | Reached skill level 1 in Shields
  1876 | D:3      | Reached XP level 5. HP: 2/45 MP: 4/4
  2471 | D:4      | Noticed Sigmund
  2704 | D:4      | Killed Sigmund
  2704 | D:4      | Reached skill level 7 in Maces & Flails
  2704 | D:4      | Reached XP level 6. HP: 51/51 MP: 5/5
  2802 | D:4      | Reached skill level 8 in Maces & Flails
  2846 | D:4      | HP: 2/51 [orc priest/hand axe (3)]
  3215 | D:4      | Noticed Edmund
  3227 | D:4      | Killed Edmund
  3227 | D:4      | Reached skill level 9 in Maces & Flails
  3227 | D:4      | Reached XP level 7. HP: 57/57 MP: 6/6
  3291 | D:4      | Found a basalt altar of Yredelemnul.
  3291 | D:4      | Found a snail-covered altar of Cheibriados.
  3292 | D:4      | Found a bloodstained altar of Trog.
  3601 | D:4      | Noticed Menkaure
  3604 | D:4      | Killed Menkaure
  3604 | D:4      | Reached skill level 10 in Maces & Flails
  3758 | D:5      | Entered Level 5 of the Dungeon
  3893 | D:5      | Acquired Trog's third power
  3976 | D:5      | Reached XP level 8. HP: 34/64 MP: 7/7
  4006 | D:5      | Noticed a yak
  4016 | D:5      | Killed a yak
  4016 | D:5      | Reached skill level 11 in Maces & Flails
  4395 | D:5      | Found an opulent altar of Gozag.
  4681 | D:6      | Noticed an oklob plant
  4709 | D:6      | Reached skill level 12 in Maces & Flails
  4790 | D:6      | HP: 3/64 [acid (13)]
  5301 | D:6      | Reached skill level 13 in Maces & Flails
  5570 | D:6      | Reached XP level 9. HP: 59/70 MP: 8/8
  6046 | D:7      | Noticed Dowan
  6047 | D:7      | Noticed Duvessa
  6052 | D:7      | Killed Duvessa
  6052 | D:7      | Reached skill level 14 in Maces & Flails
  6056 | D:7      | Killed Dowan
  6081 | D:7      | Found a staircase to the Ecumenical Temple.
  6823 | D:7      | Reached skill level 5 in Shields
  7442 | D:8      | Reached skill level 5 in Fighting
  7677 | D:8      | Reached XP level 10. HP: 81/81 MP: 9/9
  7716 | D:8      | Received a gift from Trog
  7755 | D:8      | Noticed a seven-headed hydra
  7764 | D:8      | Killed a seven-headed hydra
  7764 | D:8      | Reached skill level 5 in Armour
  7884 | D:8      | Reached skill level 5 in Dodging
  7911 | D:9      | Noticed Grum
  7922 | D:9      | Killed Grum
  7941 | D:9      | Found Mewues's General Store.
  7971 | D:9      | Bought an uncursed ring of sustain attributes for 245 gold pieces
  7993 | D:9      | Found Epse's Food Shoppe.
  8003 | D:9      | Found a shimmering altar of Xom.
  8003 | D:9      | Noticed an angel
  8006 | D:9      | Found a glowing silver altar of Zin.
  8067 | D:9      | Found Sosussag's Food Boutique.
  8110 | D:9      | Found a stormy altar of Qazlal.
  8156 | D:9      | Found Zamuih's Food Boutique.
  8184 | D:9      | Found Riacanix's Book Boutique.
  8521 | D:10     | Entered Level 10 of the Dungeon
  8538 | D:10     | Received a gift from Trog
  8639 | D:10     | Found a staircase to the Lair.
  9187 | D:10     | Reached XP level 11. HP: 89/92 MP: 10/10
  9435 | D:10     | Noticed a hill giant
  9443 | D:10     | Killed a hill giant
  9550 | D:10     | Noticed Snorg
  9572 | D:10     | Killed Snorg
  9572 | D:10     | Reached skill level 10 in Shields
  9686 | Lair:1   | Entered Level 1 of the Lair of Beasts
 10896 | Lair:2   | Received a gift from Trog
 11181 | Lair:2   | Gained mutation: Scrolls take you a little longer to read. [potion of mutation]
 11181 | Lair:2   | Gained mutation: You are robust (+10% HP). [potion of mutation]
 11181 | Lair:2   | Gained mutation: You tend to lose your temper in combat. [potion of mutation]
 11184 | Lair:2   | Slain by a spiny frog

Vault maps used:
D:1:      lightli_arrival_noodles, minivault_26, hex_tiny
D:2:      old_standard_altar, ecumenical_altar_1
D:3:      serial_bayou_lagoon_a, hangedman_decor_growths
D:4:      gammafunk_temple_overflow_forgotten, uniq_edmund, uniq_sigmund,
          uniq_menkaure
D:5:      minmay_opposing_rooms, first_bread, grunt_gozag_breadcrumbs
D:6:      lemuel_slime, roderic_bipointed_swastika
D:7:      temple_statues, uniq_duvessa
D:8:      the_bakery
D:9:      grunt_temple_overflow_order_and_chaos_1,
          nicolae_qazlal_general_emergency, serial_shops, shop,
          nicolae_shop_waterfront, shop, shop, kennysheep_mini_moat, uniq_grum
D:10:     minmay_goldmine, minmay_lair_entry_lava, uniq_snorg

Action                   |  1- 3 |  4- 6 |  7- 9 | 10-12 || total
-------------------------+-------+-------+-------+-------++-------
Melee: Mace              |    96 |   117 |   365 |   397 ||   975
Invok: Berserk           |       |     3 |    14 |    13 ||    30
       Burn Spellbooks   |       |       |     1 |     4 ||     5
       Brothers in Arms  |       |       |       |     1 ||     1
  Use: Scroll            |       |       |    12 |     7 ||    19
       Potion            |       |       |       |     8 ||     8
  Eat: Chunk             |     1 |     4 |    17 |    26 ||    48
       Bread ration      |       |     1 |     1 |       ||     2
       Meat ration       |       |       |     2 |     2 ||     4
       Pizza             |       |       |     1 |       ||     1
